 Dungeon Crawl Stone Soup version 0.30-a0-1160-g6e42c06551 (webtiles) character file.

Game seed: 13498661375310210470

18 Jeffwins the Changer (level 2, -2/19 HPs)
             Began as a Human Wanderer on Apr 26, 2023.
             Slain by an adder (3 damage)
             ... on level 2 of the Dungeon.
             The game lasted 00:01:19 (671 turns).

Jeffwins the Changer (Human Wanderer)                Turns: 671, Time: 00:01:20

Health: -2/19      AC:  5    Str: 10    XL:     2   Next: 90%
Magic:  0/5        EV:  9    Int: 17    God:
Gold:   55         SH:  0    Dex:  9    Spells: 2/5 levels left

rFire   . . .        a - +0 hand axe
rCold   + . .        (no shield)
rNeg    . . .        c - +0 ring mail
rPois   .            (no helmet)
rElec   .            (no cloak)
rCorr   .            (no gloves)
SInv    .            (no boots)
Will    .....        (no amulet) Stlth
                     C - ring of protection from cold
HPRegen 0.23/turn    (no ring)
MPRegen 0.09/turn

%: no passive effects
@: lethally poisoned (-2 -> -6)
A: no striking features
a: no special abilities


You were on level 2 of the Dungeon.
You visited 1 branch of the dungeon, and saw 2 of its levels.

You collected 55 gold pieces.


   Skills:
 - Level 1.0 Armour
 * Level 2.2 Spellcasting
 * Level 4.2 Transmutations
 * Level 3.2 Air Magic
 * Level 0.8 Poison Magic


You had 2 spell levels left.
You knew the following spells:

 Your Spells              Type           Power      Damage    Failure   Level
x - Poisonous Vapours     Pois/Air       16%        N/A       30%         2
z - Sting                 Tmut/Pois      40%        1d5       17%         1

Your spell library contained the following spells:

 Spells                   Type           Power      Damage    Failure   Level
 Wereblood                Tmut           16%        N/A       13%         2
 Passwall                 Tmut/Erth      7%         N/A       30%         2
 Cigotuvi's Dreadful Rot  Necr/Pois/Air  12%        N/A       38%         2

Inventory:

Hand Weapons
 a - a +0 hand axe (weapon)
Armour
 c - a +0 ring mail (worn)
Jewellery
 C - a ring of protection from cold (left hand)
Scrolls
 d - 2 scrolls of identify {unknown}
 h - a scroll of amnesia {unknown}
Potions
 b - a potion of haste {@q3}
 e - a potion of mutation {unknown}
 f - a potion of flight {unknown}
 g - a potion of curing {unknown}

Dungeon Overview and Level Annotations

Branches:
Dungeon (2/15)

Altars:

.# .. #### #.####
.... ..... #..#
...#### .### #..#
.......
.....##..###...###.
.......#.@S......
.###.##.##.#######.
...........#
#.####.##.##.#
#.#....##.##...
#......##.##.###
#.......#.##..
#.........####
#.......### ...


You could see an adder (poisoned).


Message History

The sting misses the adder.
You feel sick. The adder bites you.
You are more poisoned.
The adder poisons you!
Unknown command.
Unknown command.
You barely miss the adder.
The adder is heavily wounded.
You feel very sick. The adder bites you.
* * * LOW HITPOINT WARNING * * *
The adder closely misses you.
Unknown command.
Unknown command.
You barely miss the adder.
The adder is severely wounded.
You feel sick. The adder closely misses you.
Your magical contamination has completely faded away.
Unknown command.
You miss the adder.
The adder is severely wounded.
You feel sick. The adder bites you.
* * * LOW HITPOINT WARNING * * *
You are lethally poisoned!
The adder poisons you! The adder bites you but does no damage.
You miss the adder.
The adder is severely wounded.
* * * LOW HITPOINT WARNING * * *
You feel very sick. The adder bites you.
You die...

Action                     || total
---------------------------++-------
  Melee: Club              ||    12
         Hand axe          ||    58
   Cast: Sting             ||    16
 Armour: Ring mail         ||    54
  Dodge: Dodged            ||    59

Levels and vault maps discovered:
D:1:      dpeg_arrival_lava_temple_mockup, layout_basic,
          hellmonk_ecumenical_altar_zigzags, minmay_shallow_snake_nest
D:2:      layout_loops_ring, minmay_stone_trees_small

Notes
Turn   | Place    | Note
-------+----------+-------------------------------------------
     0 | D:1      | Jeffwins the Human Wanderer began the quest for the Orb.
     0 | D:1      | Jeffwins set off with the following items: a +0 club, a
                  | potion of haste {@q3}, a +0 ring mail; and the following
                  | spell memorised: Sting; and the following spells available
                  | to memorise: Wereblood, Passwall, Poisonous Vapours,
                  | Cigotuvi's Dreadful Rot.
     0 | D:1      | Reached XP level 1. HP: 13/13 MP: 3/3
   228 | D:1      | HP: 1/13 [quokka (4)]
   231 | D:1      | Reached XP level 2. HP: 3/19 MP: 1/5
   399 | D:1      | Learned a level 2 spell: Poisonous Vapours
   563 | D:1      | Found a faded altar of an unknown god.
   565 | D:1      | You fall into a shaft and drop 1 floor!
   671 | D:2      | HP: 1/19 [poisoned by an adder]
   671 | D:2      | Slain by an adder

Vanquished Creatures
  A ball python (D:1)
  5 bats (D:1)
  An endoplasm (D:1)
  A hobgoblin (D:1)
  3 jackals (D:1)
  A quokka (D:1)
  2 kobolds (D:2)
  3 rats
17 creatures vanquished.

Table legend: (Time is in decaauts)
 A = Elapsed time spent in this place.
 B = Non-inter-level travel time spent in this place.
 C = Inter-level travel time spent in this place.
 D = Time resting spent in this place.
 E = Time spent auto-exploring this place.
 F = Levels seen in this place.
 G = Mean time per level.
                   A        B        C        D        E       F      G
               +--------+--------+--------+--------+--------+-----+--------+
         Total |    690 |    690 |      0 |     64 |    429 |   2 |  345.0 |
       Dungeon |    690 |    690 |      0 |     64 |    429 |   2 |  345.0 |
               +--------+--------+--------+--------+--------+-----+--------+

Top non-repeatable levels by time:
     D:1: 581 daAuts
     D:2: 109 daAuts

Table legend:
 A = Non-vault XP
 B = Vault XP
 C = Vault XP percentage of total XP
 D = Non-vault monster count
 E = Vault monster count
 F = Vault count percentage of total count
                 A         B        C        D         E       F
            +---------+---------+-------+---------+---------+-------
      Total |      27 |       0 |   0.0 |      17 |       0 |   0.0
            +---------+---------+-------+---------+---------+-------
        D:1 |      23 |       0 |   0.0 |      14 |       0 |   0.0
        D:2 |       4 |       0 |   0.0 |       3 |       0 |   0.0
            +---------+---------+-------+---------+---------+-------
